 Dungeon Crawl Stone Soup version 0.31-a0-182-gc5ef74bbde (webtiles) character file.

Game seed: 5547514884777676472

56 qw the Shooter (level 3, -1/32 HPs)
             Began as a Naga Hunter on June 20, 2023.
             Frozen to death by an endoplasm (4 damage)
             ... on level 2 of the Dungeon.
             The game lasted 00:00:27 (1502 turns).

qw the Shooter (Naga Hunter)                        Turns: 1502, Time: 00:00:27

Health: -1/32      AC:  4    Str: 13    XL:     3   Next: 97%
Magic:  3/3        EV:  9    Int:  9    God:
Gold:   33         SH:  0    Dex: 16    Spells: 2/2 levels left

rFire   . . .        Y - +0 orcbow
rCold   . . .        (shield currently unavailable)
rNeg    . . .        c - +0 leather armour
rPois   +            g - +1 hat
rElec   .            (no cloak)
rCorr   .            d - +0 pair of gloves
SInv    +            (no barding)
Will    .....        (no amulet)
Stlth   ++           (no ring)
HPRegen 0.25/turn    (no ring)
MPRegen 0.08/turn

%: no passive effects
@: short of breath, very slow
A: AC +1, large, see invisible, deformed body, poison resistance, slowness 2,
spit poison 1, naga tail 1
a: Spit Poison


You were on level 2 of the Dungeon.
You visited 1 branch of the dungeon, and saw 3 of its levels.

You collected 33 gold pieces.


Innate Abilities, Weirdness & Mutations

Your serpentine skin is tough. (AC +1)
You have supernaturally acute eyesight. (SInv)
Armour fits poorly on your strangely shaped body.
Your system is resistant to poisons. (rPois)
You cover ground very slowly.
You can spit poison.
You have a snake-like lower body.


   Skills:
 + Level 2.0 Fighting
 - Level 5.0 Ranged Weapons
 - Level 1.5 Dodging
 - Level 1.5 Stealth


You had 2 spell levels left.
You didn't know any spells.
Your spell library was empty.

Inventory:

Hand Weapons
 Y - a +0 orcbow (weapon)
Armour
 c - a +0 leather armour (worn)
 d - a +0 pair of gloves (worn)
 g - a +1 hat (worn)
Potions
 e - a potion of heal wounds {unknown}
 f - a potion of berserk rage {unknown}
 i - a potion of curing {unknown}

Dungeon Overview and Level Annotations

Branches:
Dungeon (3/15)

Altars:


Message History

The endoplasm hits you but does no damage.
You shoot an arrow. The arrow barely misses the jackal.
You have got your breath back.
The jackal bites you but does no damage.
The jackal closely misses you. The endoplasm barely misses you.
The jackal bites you but does no damage.
The jackal barely misses you.
1497 ||| INVOKING Spit Poison.
Aiming: Spit Poison (2% risk of failure)
Press: ? - help, Shift-Dir - straight line, f/p - jackal The splash of poison misses the jackal.
The jackal closely misses you. The jackal barely misses you.
The endoplasm closely misses you. The jackal barely misses you.
The jackal bites you but does no damage.
You shoot an arrow. The arrow hits the jackal!
You kill the jackal!
The endoplasm freezes you.
You are frozen.
The jackal bites you. The endoplasm misses you.
You shoot an arrow. The arrow closely misses the jackal.
You have got your breath back.
The jackal bites you.
The jackal bites you but does no damage.
The endoplasm closely misses you.
1500 ||| INVOKING Spit Poison.
Aiming: Spit Poison (2% risk of failure)
Press: ? - help, Shift-Dir - straight line, f/p - jackal The splash of poison misses the jackal.
The jackal bites you. The endoplasm freezes you.
You are frozen.
The jackal bites you but does no damage.
You shoot an arrow. The arrow hits the jackal!
You kill the jackal!
The endoplasm freezes you.
You are frozen.
Your Ranged Weapons skill increases to level 5!
You shoot an arrow. The arrow barely misses the endoplasm.
The endoplasm freezes you.
You are frozen.
You die...

## #.##...#########
.# #.####.#.......#
.#####.####.#.....).#
.#........#.........#
######....###.^.....#
.PP###....)..)......#
....##......#.......#
.b..P#....#.####J...#
######....#.# ##@...#
........###.#.#######
######### #.#..#
...PP#### #.#P.#
.P..##..# #.#P.#
.P.###..###.#.## ####
#......# # .#
#####..# ## ####


You could see an endoplasm.

Vanquished Creatures
  3 dart slugs
  4 ball pythons (D:1)
  3 bats
  5 endoplasms
  7 goblins
  A hobgoblin (D:3)
  10 jackals
  4 kobolds (D:1)
  A quokka (D:1)
  3 frilled lizards (D:2)
  2 rats
43 creatures vanquished.

Notes
Turn   | Place    | Note
-------+----------+-------------------------------------------
     0 | D:1      | qw the Naga Hunter began the quest for the Orb.
     0 | D:1      | Reached XP level 1. HP: 19/19 MP: 1/1
     0 | D:1      | 0 ||| qw: Version: 0.3-a-9-g12657ce
     0 | D:1      | 0 ||| qw: Game counter: 1290
     0 | D:1      | 0 ||| qw: Always use a shield: true
     0 | D:1      | 0 ||| qw: God list: Okawaru
     0 | D:1      | 0 ||| qw: Allow faded altars: false
     0 | D:1      | 0 ||| qw: Do Orc after D:15 true
     0 | D:1      | 0 ||| qw: Do second Lair branch before Depths: true
     0 | D:1      | 0 ||| qw: Lair rune preference: random
     0 | D:1      | 0 ||| qw: Plans: Normal
     0 | D:1      | 0 ||| PLANNING D:1-11
    19 | D:1      | 19 ||| INVOKING Spit Poison.
    25 | D:1      | 25 ||| INVOKING Spit Poison.
    30 | D:1      | 30 ||| INVOKING Spit Poison.
    35 | D:1      | 35 ||| INVOKING Spit Poison.
    93 | D:1      | 93 ||| INVOKING Spit Poison.
    97 | D:1      | Reached skill level 4 in Ranged Weapons
    97 | D:1      | Reached XP level 2. HP: 21/26 MP: 2/2
   164 | D:1      | 164 ||| INVOKING Spit Poison.
   242 | D:1      | 242 ||| INVOKING Spit Poison.
   246 | D:1      | 246 ||| INVOKING Spit Poison.
   249 | D:1      | 249 ||| INVOKING Spit Poison.
   386 | D:1      | 386 ||| INVOKING Spit Poison.
   510 | D:1      | 510 ||| INVOKING Spit Poison.
   527 | D:1      | Reached XP level 3. HP: 32/32 MP: 3/3
   540 | D:1      | 540 ||| INVOKING Spit Poison.
   561 | D:1      | 561 ||| INVOKING Spit Poison.
   574 | D:1      | 574 ||| INVOKING Spit Poison.
   765 | D:1      | 765 ||| INVOKING Spit Poison.
   885 | D:1      | 885 ||| UPGRADING to +0 pair of gloves.
   890 | D:1      | 890 ||| UPGRADING to +1 hat.
   895 | D:1      | 895 ||| READING scroll labelled KOMYTR ILUMA.
   896 | D:1      | 896 ||| DROPPING scroll of butterflies.
   915 | D:2      | 915 ||| INVOKING Spit Poison.
   998 | D:2      | 998 ||| INVOKING Spit Poison.
  1002 | D:2      | 1002 ||| INVOKING Spit Poison.
  1009 | D:2      | 1009 ||| INVOKING Spit Poison.
  1030 | D:2      | 1030 ||| SWAPPING to +0 orcbow.
  1031 | D:2      | 1031 ||| INVOKING Spit Poison.
  1045 | D:2      | 1045 ||| DROPPING +0 shortbow.
  1124 | D:2      | 1124 ||| INVOKING Spit Poison.
  1169 | D:2      | 1169 ||| INVOKING Spit Poison.
  1437 | D:2      | 1437 ||| READING scroll labelled VIESTR TIUSIL.
  1438 | D:2      | 1438 ||| DRINKING 2 fizzy grey potions.
  1439 | D:2      | 1439 ||| DROPPING potion of brilliance.
  1486 | D:3      | 1486 ||| INVOKING Spit Poison.
  1490 | D:3      | 1490 ||| STAIRDANCE
  1492 | D:2      | 1492 ||| INVOKING Spit Poison.
  1497 | D:2      | 1497 ||| INVOKING Spit Poison.
  1500 | D:2      | 1500 ||| INVOKING Spit Poison.
  1500 | D:2      | HP: 8/32 [frozen (4)]
  1501 | D:2      | HP: 3/32 [frozen (5)]
  1502 | D:2      | Reached skill level 5 in Ranged Weapons
  1502 | D:2      | Frozen to death by an endoplasm

Levels and vault maps discovered:
D:1:      spicycebolla_arrival_xxxplode, layout_basic
D:2:      layout_rooms, serial_aquarium, aquarium_bridge_straight
          [aquarium_subvault_bridge, aquarium_subvault_wall,
          aquarium_subvault_bridge, aquarium_subvault_wall], aquarium_window_1,
          aquarium_window_fake, aquarium_window_corridor_3, aquarium_view_2c,
          aquarium_pool_four
D:3:      minmay_diamond_boxcup, layout_loops_ring, nemelex_spade_bored_becter,
          grunt_ministairs_7

Skill      XL: |  1  2  3 |
---------------+----------+-----
Ranged Weapons | 4 5 |  5.0
Fighting       | |  2.0
Dodging        | |  1.5
Stealth        | |  1.5

Action                     || total
---------------------------++-------
   Fire: Shortbow          ||    52
         Orcbow            ||    15
Ability: Spit Poison       ||    26
    Use: Scroll            ||     2
         Potion            ||     1
 Armour: Leather armour    ||    30
  Dodge: Dodged            ||    53

Table legend:
 A = Non-vault XP
 B = Vault XP
 C = Vault XP percentage of total XP
 D = Non-vault monster count
 E = Vault monster count
 F = Vault count percentage of total count
                 A         B        C        D         E       F
            +---------+---------+-------+---------+---------+-------
      Total |      73 |       8 |   9.9 |      39 |       4 |   9.3
            +---------+---------+-------+---------+---------+-------
        D:1 |      52 |       0 |   0.0 |      27 |       0 |   0.0
        D:2 |      21 |       4 |  16.0 |      12 |       2 |  14.3
        D:3 |       0 |       4 | 100.0 |       0 |       2 | 100.0
            +---------+---------+-------+---------+---------+-------
